 Dungeon Crawl Stone Soup version 0.31.0-12-g77e489cdc1 (webtiles) character file.

Game seed: 7850009808728850656

38 Shlakoblock the Gusty (level 3, -4/19 HPs)
             Began as a Tengu Air Elementalist on Mar 5, 2024.
             Slain by Crazy Yiuf
             ... wielding a +4 quarterstaff of chaos
              (8 damage)
             ... on level 2 of the Dungeon.
             The game lasted 00:19:16 (1950 turns).

Shlakoblock the Gusty (Tengu Air Elementalist)      Turns: 1950, Time: 00:19:17

Health: -4/19      AC:  2    Str:  8    XL:     3   Next: 43%
Magic:  3/7        EV: 12    Int: 17    God:
Gold:   41         SH:  0    Dex: 14    Spells: 0/6 levels left

rFire   . . .        (no weapon)
rCold   . . .        (no shield)
rNeg    . . .        a - +0 robe
rPois   .            (helmet restricted)
rElec   .            (no cloak)
rCorr   .            (no gloves)
SInv    .            (boots unavailable)
Will    .....        (no amulet)
Stlth   ++           (no ring)
HPRegen 0.23/turn    (no ring)
MPRegen 0.10/turn

%: acrobat
@: lethally poisoned (-4 -> -11), very slightly contaminated
A: beak, talons 3, acrobatic
a: no special abilities


You were on level 2 of the Dungeon.
You visited 1 branch of the dungeon, and saw 2 of its levels.

You collected 41 gold pieces.

Inventory:

Hand Weapons
 g - a +0 short sword of flaming
 l - the +6 shillelagh "Devastator" {shatter}
   (You found it on level 2 of the Dungeon)
Armour
 a - a +0 robe (worn)
Jewellery
 k - a ring of ice
Scrolls
 e - 2 scrolls of identify
 h - a scroll of enchant weapon
 j - a scroll of brand weapon
Potions
 b - a potion of magic
 c - a potion of resistance {unknown}
 d - a potion of degeneration {unknown}
 f - 2 potions of heal wounds
 i - a potion of berserk rage


   Skills:
 + Level 2.6 Dodging
 + Level 2.5 Stealth
 + Level 2.3 Spellcasting
 + Level 2.2 Conjurations
 + Level 4.4 Air Magic


You couldn't memorise any spells.
You knew the following spells:

 Your Spells              Type           Power      Damage    Failure   Level
a - Shock                 Conj/Air       52%        1d6       4%          1
b - Static Discharge      Conj/Air       26%        3-5/arc   7%          2
c - Swiftness             Air            17%        N/A       9%          3

Your spell library contained the following spells:

 Spells                   Type           Power      Damage    Failure   Level
 Airstrike                Air            8%         2d(2-18)  30%         4
 Haunt                    Necr/Summ      0%         N/A       100%        7
 Borgnjor's Revivificati  Necr           0%         N/A       100%        8
 Death's Door             Necr           0%         N/A       100%        9


Dungeon Overview and Level Annotations

Branches:
Dungeon (2/15)

Altars:

Annotations:
D:2 Crazy Yiuf


Innate Abilities, Weirdness & Mutations

You have a beak for a mouth.
You have claws for feet.
You can magically evade attacks while moving or waiting.


Message History

A mysterious force pulls you upwards. The hatch slams shut behind you.
Partly explored, can't reach some places.
There is a stone staircase leading down here.
You climb downwards.
Found an escape hatch in the floor.
There is a stone staircase leading up here.
Found 4 stones.
You now have 41 gold pieces (gained 18).
Found three hammers.
You see here a +0 hammer.
Found six hammers.
Found a runed translucent door.
You see here a +0 hammer.
Found a hammer.
You see here a +0 hammer.
Crazy Yiuf says, "Cake!
Blight Hive fast."
You see here the +6 shillelagh "Devastator" {shatter}.
l - the +6 shillelagh "Devastator" {shatter}
Found a bone hammer and two hammers.
You see here a +0 hammer.
You open the door.
Casting: Shock (safe; 4% risk of failure)
Confirm with . or Enter, or press ? or * to list all spells.
You miscast Static Discharge.
You are very lightly contaminated with residual magic.
Nothing appears to happen.
Crazy Yiuf hits you with a +4 quarterstaff of chaos!
You are poisoned.
Okay, then.
Casting: Static Discharge (safe; 7% risk of failure)
Confirm with . or Enter, or press ? or * to list all spells.
Crazy Yiuf is struck by an arc of lightning.
Crazy Yiuf is lightly wounded.
You are struck by an arc of lightning.
Crazy Yiuf is struck by an arc of lightning.
Crazy Yiuf is moderately wounded.
You are struck by an arc of lightning.
The lightning grounds out.
* * * LOW HITPOINT WARNING * * *
You feel sick.
Crazy Yiuf hits you with a +4 quarterstaff of chaos!
You die...

#....#
#....#
#....#
#)..##
##)## #)##
##)# #.##
##@# #g#
)))
##########
#)))#
#........#
#).)#
#.########
##### #.#
###.# ###
....# #.#


You could see Crazy Yiuf.

Vanquished Creatures
  3 dart slugs (D:1)
  2 endoplasms
  A giant cockroach (D:1)
  3 goblins (D:1)
  3 hobgoblins (D:1)
  2 jackals (D:1)
  5 ball pythons
  3 bats
  A frilled lizard (D:1)
  4 kobolds
  5 rats
32 creatures vanquished.

Notes
Turn   | Place    | Note
-------+----------+-------------------------------------------
     0 | D:1      | Shlakoblock the Tengu Air Elementalist began the quest for
                  | the Orb.
     0 | D:1      | Reached XP level 1. HP: 10/10 MP: 4/4
   233 | D:1      | Reached XP level 2. HP: 14/15 MP: 1/6
   238 | D:1      | Learned a level 2 spell: Static Discharge
   816 | D:1      | Reached XP level 3. HP: 19/19 MP: 0/7
   901 | D:1      | Learned a level 3 spell: Swiftness
  1943 | D:2      | Found a runed translucent door.
  1943 | D:2      | Found the +6 shillelagh "Devastator" {shatter}
  1944 | D:2      | Noticed Crazy Yiuf
  1950 | D:2      | Slain by Crazy Yiuf

Illustrated notes

Levels and vault maps discovered:
D:1:      heliophobic_arrival_glass_houses, layout_basic, serial_bayou_pond_e
D:2:      minmay_spotlight, layout_basic, uniq_jessica, uniq_crazy_yiuf_cottage

Skill      XL: |  1  2 |
---------------+-------+-----
Conjurations   | 2 |  2.2
Dodging        | |  2.6
Stealth        | |  2.5
Spellcasting   | |  2.3
Air Magic      | |  4.4

Action                     || total
---------------------------++-------
  Melee: Unarmed           ||     4
         Kick              ||     1
   Cast: Shock             ||    71
         Static Discharge  ||     1
    Use: Scroll            ||     5
         Potion            ||     1
 Armour: Robe              ||    28
  Dodge: Dodged            ||   111
